 Dungeon Crawl Stone Soup version 0.31-a0-833-gc15d34cb79 (webtiles) character file.

Game seed: 1876986829303502995

612 DApurpleWHUMPUS the Magician (level 7, -2/36 HPs)
             Began as a Deep Elf Conjurer on Sept 25, 2023.
             Slain by an orc
             ... wielding a +0 flail
              (5 damage)
             ... on level 4 of the Dungeon.
             The game lasted 00:06:38 (3818 turns).

DApurpleWHUMPUS the Magician (Deep Elf Conjurer)    Turns: 3818, Time: 00:06:38

Health: -2/36      AC:  3    Str:  4    XL:     7   Next: 20%
Magic:  18/20      EV: 11    Int: 25    God:
Gold:   121        SH:  0    Dex: 13    Spells: 15/21 levels left

rFire   + . .        s - +5 rapier (flame)
rCold   . . .        (no shield)
rNeg    . . .        t - +0 leather armour {rF+}
rPois   .            (no helmet)
rElec   .            h - scarf {repulsion}
rCorr   .            (no gloves)
SInv    .            (no boots)
Will    .....        (no amulet)
Stlth   ++           (no ring)
HPRegen 0.26/turn    (no ring)
MPRegen 0.17/turn

%: repel missiles
@: no status effects
A: no striking features
a: no special abilities


You were on level 4 of the Dungeon.
You visited 1 branch of the dungeon, and saw 4 of its levels.

You collected 121 gold pieces.

Inventory:

Hand Weapons
 s - a +5 rapier of flaming (weapon)
Missiles
 f - a throwing net
Armour
 a - a +0 robe
 d - a +0 cloak
 h - a scarf of repulsion (worn)
 t - a +0 leather armour of fire resistance (worn)
Jewellery
 n - a ring of wizardry
Wands
 u - a wand of iceblast (15)
Scrolls
 c - 2 scrolls of revelation {unknown}
 j - 4 scrolls of identify {unknown}
 l - a scroll of blinking {unknown}
 m - a scroll of noise {unknown}
 o - a scroll of enchant weapon {unknown}
 p - a scroll of vulnerability {unknown}
Potions
 b - a potion of magic
 e - a potion of attraction {unknown}
 g - 2 potions of curing {unknown}
 i - 2 potions of might {unknown}
 k - a potion of invisibility {unknown}
 q - a potion of degeneration {unknown}
 r - a potion of lignification {unknown}


   Skills:
 - Level 2.4 Dodging
 - Level 2.4 Stealth
 + Level 7.8 Spellcasting
 + Level 7.5 Conjurations


You had 15 spell levels left.
You knew the following spells:

 Your Spells              Type           Power      Damage    Failure   Level
a - Magic Dart            Conj           100%       1d8       1%          1
b - Searing Ray           Conj           94%        2d7       1%          2
c - Dazzling Flash        Conj/Hex       56%        N/A       7%          3

Your spell library contained the following spells:

 Spells                   Type           Power      Damage    Failure   Level
 Fulminant Prism          Conj/Hex       14%        3d9       24%         4
 Iskenderun's Mystic Bla  Conj/Tloc      28%        2d7       24%         4


Dungeon Overview and Level Annotations

Branches:
Dungeon (4/15)
 Temple: D:4-7

Altars:

Annotations:
D:2 Sigmund


Message History

Aim: an orc priest, wielding a +0 dagger (asleep, 100% to hit)
The magic dart hits the orc priest.
The orc priest is moderately wounded.
The orc priest shouts!
You hear a shout!
An orc comes into view. It is wielding a +0 flail.
Casting: Magic Dart (safe; 1% risk of failure)
Confirm with . or Enter, or press ? or * to list all spells.
Aiming: Magic Dart (safe; 1% risk of failure)
Press: ? - help, Shift-Dir - straight line, f/p - orc priest
Aim: an orc priest, wielding a +0 dagger (moderately wounded, 100% to hit)
The magic dart hits the orc priest.
The orc priest is severely wounded.
Casting: Magic Dart (safe; 1% risk of failure)
Confirm with . or Enter, or press ? or * to list all spells.
Aiming: Magic Dart (safe; 1% risk of failure)
Press: ? - help, Shift-Dir - straight line, f/p - orc priest
Aim: an orc priest, wielding a +0 dagger (severely wounded, 100% to hit)
The magic dart hits the orc priest.
The orc priest is severely wounded.
The orc priest mumbles some strange prayers to Beogh against you.
Pain shoots through your body!
You barely miss the orc priest.
The orc priest is severely wounded.
The orc priest hits you with a +0 dagger.
You hit the orc priest. You burn the orc priest.
The orc priest is almost dead.
The orc priest barely misses you. The orc hits you with a +0 falchion.
You completely miss the orc priest.
The orc priest is almost dead.
The orc priest hits you with a +0 dagger.
The orc closely misses you.
You closely miss the orc priest.
The orc priest is almost dead.
The orc priest hits you with a +0 dagger.
The orc hits you with a +0 falchion.
* * * LOW HITPOINT WARNING * * *
The orc hits you with a +0 falchion.
* * * LOW HITPOINT WARNING * * *
The orc hits you with a +0 flail.
You die...

#.......##.#......#
#.......##......#.#
#.#'###.........#.#
#.#.###....#...(#.#
######.#........#....#.#
.......######...#....#.#
.......#....'...'....#.#
......o#.####...#..###.#
......o@.# #...##..>#.#
......o### ########.#.#
....... #...# .......
##### ....... #######


You could see an orc priest and 2 orcs.

Vanquished Creatures
  Grinder (D:3)
  Eustachio (D:4)
  Edmund (D:4)
  An iguana (D:4)
  Natasha (thrice) (D:4)
  An adder (D:3)
  A worm (D:3)
  3 dart slugs
  An orc (D:4)
  2 ball pythons (D:3)
  6 endoplasms
  4 hobgoblins
  2 jackals (D:1)
  10 kobolds
  A quokka (D:1)
  2 bats (D:3)
  2 frilled lizards (D:3)
  10 goblins
  5 rats
57 creatures vanquished.

Notes
Turn   | Place    | Note
-------+----------+-------------------------------------------
     0 | D:1      | DApurpleWHUMPUS the Deep Elf Conjurer began the quest for
                  | the Orb.
     0 | D:1      | Reached XP level 1. HP: 10/10 MP: 6/6
   205 | D:1      | Reached XP level 2. HP: 15/15 MP: 5/8
   244 | D:1      | Found a faded altar of an unknown god.
   679 | D:1      | Reached XP level 3. HP: 19/19 MP: 8/10
   714 | D:1      | Reached skill level 5 in Conjurations
  1432 | D:2      | Noticed Sigmund
  1610 | D:3      | Learned a level 2 spell: Searing Ray
  1614 | D:3      | Learned a level 3 spell: Dazzling Flash
  1677 | D:3      | Noticed Grinder
  1687 | D:3      | Killed Grinder
  1688 | D:3      | Reached XP level 4. HP: 7/24 MP: 1/14
  1688 | D:3      | Reached XP level 5. HP: 9/28 MP: 1/15
  2858 | D:4      | Noticed Natasha
  2867 | D:4      | Killed Natasha
  2868 | D:4      | Reached XP level 6. HP: 24/32 MP: 11/17
  3058 | D:4      | Noticed Eustachio
  3071 | D:4      | Killed Eustachio
  3379 | D:4      | Noticed Natasha
  3394 | D:4      | Killed Natasha
  3451 | D:4      | Noticed Natasha
  3457 | D:4      | Killed Natasha
  3483 | D:4      | Noticed Edmund
  3573 | D:4      | Killed Edmund
  3574 | D:4      | Reached XP level 7. HP: 21/36 MP: 3/20
  3818 | D:4      | Slain by an orc

Illustrated notes

Levels and vault maps discovered:
D:1:      evilmike_arrival_rings, layout_basic, basic_ecumenical_altar
D:2:      layout_loops_ring, serial_bayou_lake_a, uniq_sigmund, uniq_terence
D:3:      layout_basic, kennysheep_small_spiral, uniq_grinder
D:4:      layout_basic, uniq_edmund, uniq_natasha, uniq_eustachio

Skill      XL: |  1  2  3  4  5  6 |
---------------+-------------------+-----
Spellcasting   | 4 6 7 |  7.8
Conjurations   | 6 7 |  7.5
Dodging        | |  2.4
Stealth        | |  2.4

Action                     |  1- 3 |  4- 6 |  7- 9 || total
---------------------------+-------+-------+-------++-------
  Melee: Rapier            |       |     3 |     5 ||     8
   Cast: Magic Dart        |    60 |    36 |     4 ||   100
         Searing Ray       |     2 |     8 |       ||    10
         Dazzling Flash    |       |     3 |       ||     3
   Stab: Sleeping          |       |     1 |       ||     1
 Armour: Robe              |     7 |     6 |       ||    13
         Leather armour    |       |     3 |     8 ||    11
  Dodge: Dodged            |    13 |     8 |     2 ||    23

Table legend: (Time is in decaauts)
 A = Elapsed time spent in this place.
 B = Non-inter-level travel time spent in this place.
 C = Inter-level travel time spent in this place.
 D = Time resting spent in this place.
 E = Time spent auto-exploring this place.
 F = Levels seen in this place.
 G = Mean time per level.
                   A        B        C        D        E       F      G
               +--------+--------+--------+--------+--------+-----+--------+
         Total |   3822 |   3736 |     86 |    757 |   2454 |   4 |  955.5 |
       Dungeon |   3822 |   3736 |     86 |    757 |   2454 |   4 |  955.5 |
               +--------+--------+--------+--------+--------+-----+--------+

Top non-repeatable levels by time:
     D:1: 1332 daAuts
     D:3: 1318 daAuts
     D:4: 1028 daAuts
     D:2: 143 daAuts
